 Dungeon Crawl Stone Soup version 0.22.0-49-gab54619 (webtiles) character file.

221 Starchild the Slasher (level 5, -4/45 HPs)
             Began as a Draconian Monk on Sept 6, 2018.
             Slain by Crazy Yiuf
             ... wielding a +4 quarterstaff of chaos
              (6 damage)
             ... on level 3 of the Dungeon.
             The game lasted 00:08:20 (3669 turns).

Starchild the Slasher (Draconian Monk)              Turns: 3669, Time: 00:08:21

Health: -4/45      AC:  5    Str: 14    XL:     5   Next: 65%
Magic:  5/5        EV:  2    Int: 10    God:
Gold:   82         SH:  0    Dex: 14    Spells: 4/4 levels left

rFire    . . .     SeeInvis .   a - +0 falchion
rCold    + . .     Gourm    .   (no shield)
rNeg     + + +     Faith    .   (armour unavailable)
rPois    ∞         Spirit   .   (helmet restricted)
rElec    .         Reflect  .   (no cloak)
rCorr    .         Harm     .   (no gloves)
MR       .....                  (no boots)
Stlth    ++........             (no amulet)
HPRegen  0.15/turn              g - ring of protection from cold
MPRegen  0.09/turn              (no ring)

@: petrified, very slightly contaminated, invisible
A: unfitting armour, cold-blooded, AC +5
a: no special abilities


You were on level 3 of the Dungeon.
You were not hungry.

You visited 1 branch of the dungeon, and saw 3 of its levels.

You collected 82 gold pieces.

Inventory:

Hand Weapons
 a - a +0 falchion (weapon)
Missiles
 l - 206 stones (quivered)
Jewellery
 g - a ring of protection from cold (left hand)
 r - an uncursed ring of ice
Scrolls
 c - 2 scrolls of identify {unknown}
 d - 3 scrolls of remove curse {unknown}
 e - 2 scrolls of amnesia {unknown}
 i - a scroll of enchant weapon {unknown}
 m - a scroll of magic mapping {unknown}
 o - a scroll of enchant armour {unknown}
 s - a scroll of fear {unknown}
Potions
 f - a potion of invisibility
 h - 2 potions of curing {unknown}
 j - a potion of haste {unknown}
 k - a potion of heal wounds {unknown}
 n - a potion of magic
 p - a potion of cancellation {unknown}
 q - a potion of agility
 t - a potion of ambrosia {unknown}
 u - a potion of mutation {unknown}
 w - a potion of berserk rage {unknown}
 x - a potion of lignification {unknown}
Comestibles
 b - a ration


   Skills:
 - Level 3.2 Fighting
 + Level 6.4 Long Blades
 - Level 2.6 Dodging
 - Level 1.7 Stealth


You had 4 spell levels left.
You didn't know any spells.
Your spell library was empty.

Dungeon Overview and Level Annotations

Branches:
Dungeon (3/15)

Altars:
Gozag
Xom
The Shining One

Annotations:
D:2 Terence
D:3 Crazy Yiuf


Innate Abilities, Weirdness & Mutations

Your plain brown scales are hard. (AC +5)
You cannot fit into any form of body armour.
You are cold-blooded and may be slowed by cold attacks.


Message History

Crazy Yiuf is lightly wounded.
You have turned to stone.
Crazy Yiuf hits you with a quarterstaff of chaos!
You are electrocuted!
Crazy Yiuf hits you with a quarterstaff of chaos!
Crazy Yiuf burns you.
Crazy Yiuf hits you with a quarterstaff of chaos!
Crazy Yiuf burns you.
* * * LOW HITPOINT WARNING * * *
Crazy Yiuf hits you with a quarterstaff of chaos!
* * * LOW HITPOINT WARNING * * *
Crazy Yiuf whimpers, "Tosser noodlescoop unthinkable!"
Crazy Yiuf hits you with a quarterstaff of chaos.
* * * LOW HITPOINT WARNING * * *
Crazy Yiuf hits you with a quarterstaff of chaos!
* * * LOW HITPOINT WARNING * * *
Crazy Yiuf burns you.
* * * LOW HITPOINT WARNING * * *
Crazy Yiuf hits you with a quarterstaff of chaos!
You die...

.....# #.. ####.##
#.. #....# #####
#.. ##....# #...#
#.. ......# #...#
#.. #..#### #...#
♣♣♣♣♣### #..
...######...#
#####♣♣♣.♣)...###..
............#
#.))#♣..♣..........
#..######...#
#.@g')♣♣♣♣......#.(
...######...#
#)..#♣♣ ♣♣........
............# #####
♣♣##.....
..###########
#..... #.####
#..#.. .....# ####
#####..### .....#
######..# #.##.###
.....#####...###.##
#.##.#
.........#...# #.)#
#.##.#####


You could see Crazy Yiuf.

Vanquished Creatures
  2 jellies (D:3)
  Natasha (twice) (D:3)
  2 adders
  3 oozes
  2 worms (D:2)
  2 dart slugs
  A leopard gecko (D:3)
  5 giant cockroaches
  8 goblins
  8 hobgoblins
  An iguana (D:3)
  3 jackals (D:3)
  5 kobolds
  A quokka (D:2)
  2 ball pythons
  10 bats
  9 frilled lizards
  6 rats
72 creatures vanquished.

Notes
Turn   | Place    | Note
-------+----------+-------------------------------------------
     0 | D:1      | Starchild the Draconian Monk began the quest for the Orb.
     0 | D:1      | Reached XP level 1. HP: 19/19 MP: 1/1
   171 | D:1      | Reached XP level 2. HP: 10/26 MP: 2/2
   836 | D:1      | Reached skill level 4 in Long Blades
  1107 | D:2      | Reached XP level 3. HP: 21/31 MP: 3/3
  1731 | D:2      | Noticed Terence
  1744 | D:2      | HP: 1/31 [Terence/short sword of freezing (1)]
  2167 | D:3      | Noticed Natasha
  2188 | D:3      | HP: 1/31 [Natasha (2)]
  2190 | D:3      | Killed Natasha
  2190 | D:3      | Reached skill level 5 in Long Blades
  2190 | D:3      | Reached XP level 4. HP: 2/38 MP: 4/4
  2554 | D:3      | Found a glowing golden altar of the Shining One.
  2556 | D:3      | Found an opulent altar of Gozag.
  2942 | D:3      | Reached XP level 5. HP: 27/45 MP: 5/5
  3147 | D:3      | Reached skill level 6 in Long Blades
  3300 | D:3      | Found a shimmering altar of Xom.
  3497 | D:3      | Noticed Natasha
  3507 | D:3      | Killed Natasha
  3652 | D:3      | Found a runed door.
  3656 | D:3      | Noticed Crazy Yiuf
  3668 | D:3      | HP: 2/45 [Crazy Yiuf/quarterstaff of chaos (3)]
  3669 | D:3      | Slain by Crazy Yiuf

Skill      XL: |  1  2  3  4  5 |
---------------+----------------+-----
Long Blades    | 4 5 6 |  6.4
Fighting       | |  3.2
Dodging        | |  2.6
Stealth        | |  1.7

Action                   |  1- 3 |  4- 6 || total
-------------------------+-------+-------++-------
Melee: Falchion          |   143 |   107 ||   250
       Tailslap          |    14 |    17 ||    31
  Use: Potion            |     3 |       ||     3
 Stab: Sleeping          |     6 |     4 ||    10
       Invisible         |     1 |     1 ||     2
  Eat: Chunk             |     2 |     4 ||     6
       Ration            |     1 |       ||     1
Armor: Skin              |    41 |    21 ||    62
Dodge: Dodged            |    94 |    84 ||   178
       Rpst.: Falchion   |    28 |    23 ||    51
